 Dungeon Crawl Stone Soup version 0.27-a0-1184-ge86db4a01e (webtiles) character file.

Game seed: 8601074066650748646

13 PewDiePie the Chopper (level 2, 0/17 (22) HPs)
             Began as a Demonspawn Gladiator on May 18, 2021.
             Was a Follower of Vehumet.
             Slain by Terence
             ... wielding a +1 mace of draining
              (1 damage)
             ... on level 2 of the Dungeon.
             The game lasted 00:02:37 (2466 turns).

PewDiePie the Chopper (Demonspawn Gladiator)        Turns: 2466, Time: 00:02:38

HP:   0/17 (22)     AC:  4    Str: 14    XL:     2   Next: 24%
MP:   2/2           EV: 12    Int:  9    God:    Vehumet [*.....]
Gold: 30            SH:  5    Dex: 14    Spells: 1/1 levels left

rFire    . . .     SeeInvis .   a - +0 war axe
rCold    . . .     Faith    .   (no shield)
rNeg     . . .     Spirit   .   b - +0 leather armour
rPois    .         Reflect  +   c - +0 helmet
rElec    .         Harm     .   (no cloak)
rCorr    .         Rampage  .   (no gloves)
Will     .....                  (no boots)
Stlth    +.........             h - amulet of reflection
HPRegen  0.05/turn              (no ring)
MPRegen  0.08/turn              (no ring)

@: heavily drained
A: demonic guardian 1
a: Renounce Religion


You were on level 2 of the Dungeon.
You worshipped Vehumet.
Vehumet was aware of your devotion.
You visited 1 branch of the dungeon, and saw 2 of its levels.

You collected 30 gold pieces.

Inventory:

Hand Weapons
 a - a +0 war axe (weapon)
 f - a +0 club
 i - a +0 dagger
 j - a +0 dagger
 k - a +0 falchion
 l - a +0 hunting sling
Missiles
 d - 3 throwing nets (quivered)
 e - 6 javelins
 o - 17 arrows
Armour
 b - a +0 leather armour (worn)
 c - a +0 helmet (worn)
Jewellery
 h - an amulet of reflection (around neck)
Scrolls
 g - a scroll of teleportation {unknown}
 m - a scroll of enchant weapon {unknown}
 n - a scroll of fog {unknown}


   Skills:
 + Level 2.1 Fighting
 + Level 3.0 Axes
 + Level 1.8 Throwing
 + Level 0.2 Armour
 + Level 2.9 Dodging


You had one spell level left.
You didn't know any spells.
Your spell library was empty.

Dungeon Overview and Level Annotations

Branches:
Dungeon (1/15)

Altars:
Vehumet

Annotations:
D:2 Terence


Innate Abilities, Weirdness & Mutations

A weak demonic guardian rushes to your aid.


Message History

Done waiting.
You start waiting.
Done waiting.
Terence the Incautious comes into view.
He is wielding a +1 mace of draining.
Terence shouts!
You hit Terence.
Terence is lightly wounded.
Terence closely misses you.
You hit Terence but do no damage.
Terence is lightly wounded.
Terence hits you with a +1 mace of draining.
You feel drained.
You barely miss Terence.
Terence is lightly wounded.
Terence closely misses you. Terence misses you.
You hit Terence but do no damage.
Terence is lightly wounded.
Terence closely misses you.
You hit Terence.
Terence is moderately wounded.
Terence closely misses you.
You barely miss Terence.
Terence is moderately wounded.
Terence closely misses you. You block Terence's attack.
You barely miss Terence.
Terence is moderately wounded.
You block Terence's attack.
You closely miss Terence.
Terence is moderately wounded.
Terence misses you.
You barely miss Terence.
Terence is moderately wounded.
Terence hits you with a +1 mace of draining!
You feel drained. Terence barely misses you.
You slash Terence!
Terence is severely wounded.
Terence hits you with a +1 mace of draining!
* * * LOW HITPOINT WARNING * * *
A demonic guardian appears!
You feel drained.
You die...

#.........#
#.#########
#.# #.# #.#
#.# #5#
#.########
#.@@......
##########


You could see Terence (ally target) and a friendly iron imp (summoned,
wandering).

Vanquished Creatures
  2 ball pythons
  2 endoplasms
  A goblin (D:1)
  2 hobgoblins (D:1)
  A quokka (D:1)
  A bat (D:1)
  A frilled lizard (D:1)
  A kobold (D:1)
  A rat (D:1)
12 creatures vanquished.

Notes
Turn   | Place    | Note
-------+----------+-------------------------------------------
     0 | D:1      | PewDiePie the Demonspawn Gladiator began the quest for the
                  | Orb.
     0 | D:1      | Reached XP level 1. HP: 16/16 MP: 1/1
   101 | D:1      | Found a faded altar of an unknown god.
   104 | D:1      | Became a worshipper of Vehumet
   104 | D:1      | Reached * piety under Vehumet
   104 | D:1      | Offered knowledge of Magic Dart by Vehumet.
   230 | D:1      | Reached skill level 3 in Axes
   996 | D:1      | Gained mutation: A weak demonic guardian rushes to your
                  | aid. [demonic ancestry]
   996 | D:1      | Reached XP level 2. HP: 22/22 MP: 2/2
  1829 | D:1      | You fall into a shaft and drop 1 floor!
  2454 | D:2      | Noticed Terence
  2466 | D:2      | Slain by Terence

Illustrated notes

Levels and vault maps discovered:
D:1:      dpeg_arrival_round_b, layout_loops_ring,
          chequers_ecumenical_altar_grove, dk_noncrumbling_2
D:2:      layout_basic, uniq_terence, uniq_robin

Skill      XL: |  1 |
---------------+----+-----
Axes           | 3 |  3.0
Fighting       | |  2.1
Throwing       | |  1.8
Armour         | |  0.2
Dodging        | |  2.9

Action                   || total
-------------------------++-------
Melee: War axe           ||    50
Armor: Leather armour    ||    12
Dodge: Dodged            ||    38
Block: Other             ||     6

Table legend: (Time is in decaauts)
 A = Elapsed time spent in this place.
 B = Non-inter-level travel time spent in this place.
 C = Inter-level travel time spent in this place.
 D = Time resting spent in this place.
 E = Time spent auto-exploring this place.
 F = Levels seen in this place.
 G = Mean time per level.
                   A        B        C        D        E       F      G
               +--------+--------+--------+--------+--------+-----+--------+
         Total |   2483 |   2483 |      0 |   1544 |    635 |   2 | 1241.5 |
       Dungeon |   2483 |   2483 |      0 |   1544 |    635 |   2 | 1241.5 |
               +--------+--------+--------+--------+--------+-----+--------+

Top non-repeatable levels by time:
     D:1: 1837 daAuts
     D:2: 645 daAuts
